 Dungeon Crawl Stone Soup version 0.28.0-53-g5a82cb258f (webtiles) character file.

Game seed: 15307418291873215463

10 RustandSilver the Insei (level 2, 0/22 HPs)
             Began as a Demigod Transmuter on May 28, 2022.
             Slain by a hobgoblin (3 damage)
             ... on level 1 of the Dungeon.
             The game lasted 00:02:13 (511 turns).

RustandSilver the Insei (Demigod Transmuter)         Turns: 511, Time: 00:02:14

Health: 0/22       AC:  2    Str: 11    XL:     2   Next: 0%
Magic:  7/7        EV: 12    Int: 15    God:
Gold:   20         SH:  0    Dex: 14    Spells: 3/4 levels left

rFire   . . .      SeeInvis .     - Unarmed
rCold   . . .      Faith    .   (no shield)
rNeg    . . .      Spirit   .   a - +0 robe
rPois   .          Reflect  .   (no helmet)
rElec   .          Harm     .   (no cloak)
rCorr   .          Rampage  .   (no gloves)
Will    .....                   (no boots)
Stlth   +.........              (no amulet)
HPRegen 0.07/turn               (no ring)
MPRegen 0.10/turn               (no ring)

@: no status effects
A: high MP 1, forlorn, divine attributes
a: no special abilities


You were on level 1 of the Dungeon.
You visited 1 branch of the dungeon, and saw 1 of its levels.

You collected 20 gold pieces.

Inventory:

Armour
 a - a +0 robe (worn)


   Skills:
 + Level 0.8 Fighting
 + Level 2.0 Dodging
 + Level 3.0 Unarmed Combat
 + Level 1.9 Spellcasting
 + Level 1.8 Transmutations


You had 3 spell levels left.
You knew the following spells:

 Your Spells              Type           Power      Damage    Failure   Level
a - Beastly Appendage     Tmut           12%        N/A       11%         1

Your spell library contained the following spells:

 Spells                   Type           Power      Damage    Failure   Level
 Wereblood                Tmut           6%         N/A       16%         2
 Slow                     Hex            4%         N/A       22%         1
 Spider Form              Tmut/Pois      4%         N/A       43%         3
 Confusing Touch          Hex            1%         N/A       56%         3
 Vampiric Draining        Necr           1%         2d6       56%         3
 Ice Form                 Ice/Tmut       4%         N/A       83%         4


Dungeon Overview and Level Annotations

Branches:
Dungeon (1/15)


Innate Abilities, Weirdness & Mutations

You have an increased reservoir of magic. (+10% MP)
You shall have no god before yourself.
Your divine heritage dramatically boosts your attributes as you level up.


Message History

Things that are here:
a +0 dagger; a kobold corpse An endoplasm comes into view.
The endoplasm quivers.
The endoplasm completely misses you.
The endoplasm hits you but does no damage.
You hit the endoplasm.
The endoplasm is lightly wounded.
The endoplasm hits you.
You hit the endoplasm.
The endoplasm is moderately wounded.
The endoplasm closely misses you. The endoplasm freezes you.
You are frozen.
Casting: Beastly Appendage (safe; 11% risk of failure)
Confirm with . or Enter, or press ? or * to list all spells.
You grow a pair of large bovine horns.
Your feet morph into talons.
The endoplasm hits you.
You hit the endoplasm.
The endoplasm is severely wounded.
Your transformation is almost over.
The endoplasm freezes you.
You are frozen.
* * * LOW HITPOINT WARNING * * *
You hit the endoplasm.
You kill the endoplasm!
Your Unarmed Combat skill increases to level 3!
A goblin comes into view. It is wielding a +0 club.
Found a stone staircase leading down.
The goblin closely misses you.
You hit the goblin.
You kill the goblin!
You have reached level 2!
Your horns disappear.
Your talons disappear.
A hobgoblin comes into view.
The hobgoblin shouts!
The hobgoblin closely misses you. The hobgoblin barely misses you.
You barely miss the hobgoblin. The hobgoblin hits you.
You die...

###..# #.#.## #..# #.#.#
#..# #.#.## #..#
########....###.. #..#
#...............#
#..########.######...)#####
#...........# #.#....>..
........#######.........
#######@g.........######
#############


You could see a hobgoblin.

Vanquished Creatures
  An endoplasm (D:1)
  A giant cockroach (D:1)
  2 goblins (D:1)
  2 ball pythons (D:1)
  3 frilled lizards (D:1)
  A kobold (D:1)
10 creatures vanquished.

Notes
Turn   | Place    | Note
-------+----------+-------------------------------------------
     0 | D:1      | RustandSilver the Demigod Transmuter began the quest for
                  | the Orb.
     0 | D:1      | Reached XP level 1. HP: 15/15 MP: 5/5
   489 | D:1      | Reached skill level 3 in Unarmed Combat
   496 | D:1      | Reached XP level 2. HP: 2/22 MP: 5/7
   511 | D:1      | Slain by a hobgoblin

Illustrated notes

Levels and vault maps discovered:
D:1:      evilmike_arrival_hilbert_curve, layout_loops_ring,
          hellmonk_ecumenical_altar_blasted

Skill      XL: |  1 |
---------------+----+-----
Dodging        | 2 |  2.0
Unarmed Combat | 3 |  3.0
Fighting       | |  0.8
Spellcasting   | |  1.9
Transmutations | |  1.8

Action                   || total
-------------------------++-------
Melee: Unarmed           ||    32
       Headbutt          ||     2
       Punch             ||     1
 Cast: Beastly Appendage ||     5
Armor: Robe              ||     4
Dodge: Dodged            ||    15
